 Dungeon Crawl Stone Soup version 0.30-b1-2-g02819fbbbe (webtiles) character file.

Game seed: 8138465046857775710

66 Alarkh the Insei (level 3, -2/26 HPs)
             Began as a Demonspawn Transmuter on July 6, 2023.
             Killed from afar by Ijyb (15 damage)
             ... with an iceblast
             ... on level 2 of the Dungeon.
             The game lasted 00:01:16 (1322 turns).

Alarkh the Insei (Demonspawn Transmuter)            Turns: 1322, Time: 00:01:16

Health: -2/26      AC:  3    Str: 10    XL:     3   Next: 96%
Magic:  5/6        EV: 12    Int: 16    God:
Gold:   68         SH:  0    Dex: 13    Spells: 5/6 levels left

rFire   . .          .
                       - Unarmed
rCold   . . .        (no shield)
rNeg    . . .        a - +0 robe
rPois   .            (helmet currently unavailable)
rElec   .            (no cloak)
rCorr   .            (no gloves)
SInv    .            (boots currently unavailable)
Will    .....        (no amulet)
Stlth   +            (no ring)
HPRegen 0.24/turn    (no ring)
MPRegen 0.10/turn

%: no passive effects
@: appendages
A: horns 2, talons 2, sharp scales 1, demonic touch 1
a: End Transformation


You were on level 2 of the Dungeon.
You had temporarily grown beastly horns and talons.
You visited 1 branch of the dungeon, and saw 3 of its levels.

You collected 68 gold pieces.

Inventory:

Armour
 a - a +0 robe (worn)
Jewellery
 i - a +6 ring of strength
Scrolls
 c - a scroll of brand weapon {unknown}
 e - 2 scrolls of vulnerability {unknown}
 g - 2 scrolls of enchant weapon {unknown}
 h - a scroll of fear {unknown}
 j - a scroll of identify {unknown}
 k - a scroll of enchant armour {unknown}
 l - 2 scrolls of blinking {unknown}
 m - 2 scrolls of torment {unknown}
 n - 2 scrolls of immolation {unknown}
 p - a scroll of noise {unknown}
 q - a scroll of poison {unknown}
Potions
 b - a potion of lignification
 d - 4 potions of curing {unknown}
 f - a potion of heal wounds
 o - a potion of degeneration {unknown}


   Skills:
 - Level 1.0 Fighting
 - Level 1.7 Dodging
 + Level 4.4 Unarmed Combat
 - Level 2.0 Spellcasting
 - Level 1.7 Transmutations


You had 5 spell levels left.
You knew the following spells:

 Your Spells              Type           Power      Damage    Failure   Level
a - Beastly Appendage     Tmut           14%        N/A       10%         1

Your spell library contained the following spells:

 Spells                   Type           Power      Damage    Failure   Level
 Wereblood                Tmut           7%         N/A       16%         2
 Lesser Beckoning         Tloc           2%         N/A       30%         2
 Poisonous Vapours        Pois/Air       2%         N/A       30%         2
 Spider Form              Tmut/Pois      4%         N/A       41%         3
 Frozen Ramparts          Ice            2%         1d1       52%         3
 Gell's Gravitas          Tloc           1%         N/A       52%         3
 Mephitic Cloud           Conj/Pois/Air  1%         N/A       52%         3
 Teleport Other           Tloc           1%         N/A       52%         3
 Ice Form                 Ice/Tmut       4%         N/A       82%         4
 Summon Ice Beast         Ice/Summ       1%         N/A       90%         4
 Freezing Cloud           Conj/Ice/Air   0%         6-21      99%         5


Dungeon Overview and Level Annotations

Branches:
Dungeon (3/15)

Altars:

Annotations:
D:2 Ijyb
D:3 Robin


Innate Abilities, Weirdness & Mutations

You have temporarily grown beastly horns and talons.
You are partially covered in razor-sharp scales. (AC +1, Slay +1)
Your touch may inflict minor irresistible damage on your foes.


Message History

Ijyb shouts!
The goblin shouts!
You punch the goblin!
You kill the goblin!
You hear a shout! x2; You hear an angry hiss.
Robin throws the goblin at you!
Your transformation is almost over.
The goblin attacks as you move away! The goblin hits you with a +0 dagger.
You closely miss the goblin. You headbutt the goblin.
You kill the goblin!
You hit the goblin.
You kill the goblin!
A giant cockroach comes into view.
There is a stone staircase leading up here.
Casting: Beastly Appendage (safe; 10% risk of failure)
Confirm with . or Enter, or press ? or * to list all spells.
You extend your transformation's duration.
Unknown command.
You hit the goblin. Your touch misses the goblin.
The goblin is severely wounded.
The goblin hits you with a +0 dagger.
You hit the goblin.
You kill the goblin!
You hit the hobgoblin.
You kill the hobgoblin!
The giant cockroach closely misses you.
The giant cockroach bites you but does no damage.
You hit Ijyb but do no damage. You claw Ijyb. You headbutt Ijyb.
You punch Ijyb, but do no damage.
Ijyb is moderately wounded.
Ijyb hits you with a +0 club. The giant cockroach barely misses you.
Robin roars a battlecry!
Ijyb goes into a battle-frenzy!
Ijyb hits you with a +0 club! The giant cockroach barely misses you.
You hear a shout!
You climb upwards.
There is a stone staircase leading down here.
You are too injured to fight recklessly!
Ijyb zaps a wand.
The mass of ice explodes!
The iceblast engulfs you!
Ouch! That really hurt!
You die...

#................
##########.##...########
#........#.##.###
##.#####.#.##.# #.#
#.#....# #.# #.#..###
#.# #....# ##
#.#####.g.############.
#.....@>B..............
#######.......#.#####..
#.###.#)#.#####..
#.......#........
#.....##########.
#................
###..############
###..#....#######
#.†..#.##........


You could see Ijyb (strong) and a giant cockroach.

Vanquished Creatures
  2 adders (D:2)
  2 worms (D:2)
  2 dart slugs
  4 ball pythons
  3 endoplasms
  5 goblins
  A hobgoblin (D:3)
  4 jackals (D:2)
  2 quokkas (D:2)
  3 bats
  3 frilled lizards
  2 kobolds
  4 rats
37 creatures vanquished.

Notes
Turn   | Place    | Note
-------+----------+-------------------------------------------
     0 | D:1      | Alarkh the Demonspawn Transmuter began the quest for the
                  | Orb.
     0 | D:1      | Reached XP level 1. HP: 15/15 MP: 3/3
   169 | D:1      | Reached skill level 3 in Unarmed Combat
   309 | D:1      | Gained mutation: Your touch may inflict minor irresistible
                  | damage on your foes. [demonic ancestry]
   309 | D:1      | Reached XP level 2. HP: 20/21 MP: 3/5
   740 | D:2      | Gained mutation: You are partially covered in razor-sharp
                  | scales. (AC +1, Slay +1) [demonic ancestry]
   740 | D:2      | Reached XP level 3. HP: 25/26 MP: 4/6
   785 | D:2      | Reached skill level 4 in Unarmed Combat
  1297 | D:3      | Noticed Ijyb
  1297 | D:3      | Noticed Robin
  1322 | D:2      | Killed from afar by Ijyb

Illustrated notes

Levels and vault maps discovered:
D:1:      dpeg_arrival_chambers_temple_mockup, layout_rooms
D:2:      layout_basic, corexii_corridor_pit
D:3:      layout_loops_cross, uniq_terence, uniq_ijyb, uniq_robin

Skill      XL: |  1  2  3 |
---------------+----------+-----
Unarmed Combat | 3 4 |  4.4
Fighting       | |  1.0
Dodging        | |  1.7
Spellcasting   | |  2.0
Transmutations | |  1.7

Action                     || total
---------------------------++-------
  Melee: Unarmed           ||    84
         Kick              ||    10
         Touch             ||    10
         Headbutt          ||     6
         Punch             ||     3
   Cast: Beastly Appendage ||    18
    Use: Potion            ||     1
   Stab: Sleeping          ||     1
 Armour: Robe              ||    18
  Dodge: Dodged            ||    51
